[Event "Titled Tuesday Blitz December 06 Early 2022"]
[White "Berezin, Viktor"]
[Black "Oro, Faustino"]
[WhiteFideId "14107872"]
[BlackFideId "20000197"]
[WhiteElo "2310"]
[BlackElo "1984"]
[Result "1-0"]
[Round "11"]
[TimeControl "180+1"]
[Date "2022.12.07"]
[WhiteClock "0:00:03"]
[BlackClock "0:00:01"]

1. c4 Nf6 2. Nf3 e6 3. g3 d5 4. Bg2 Be7 5. O-O O-O 6. d4 dxc4 7. Qc2 b5 8. a4 b4 9. Nfd2 Nd5 10. Nxc4 c5 11. dxc5 Ba6 12. Nbd2 Nd7 13. Rd1 Nxc5 14. e4 Nb6 15. a5 Nxc4 16. Nxc4 Qc8 17. e5 Bb7 18. Bxb7 Qxb7 19. Be3 Rac8 20. Nd6 Bxd6 21. exd6 Ne4 22. Qe2 Rfd8 23. a6 Qa8 24. d7 Rc7 25. Rac1 Rcxd7 26. Rxd7 Rxd7 27. Qc4 Nd6 28. Qxb4 h6 29. Rd1 Qc6 30. Bf4 Nf5 31. Rxd7 Qxd7 32. Qb7 Qd1+ 33. Kg2 Nd4 34. Be3 Nc2 35. Qa8+ Kh7 36. Qe4+ g6 37. Bxa7 Ne1+ 38. Kg1 Nf3+ 39. Kg2 Ne1+ 40. Kg1 Qa1 41. Bb6 Qxa6 42. Qxe1 Qxb6 43. Qd2 Kg7 44. Kg2 e5 45. Qc3 Qb7+ 46. Kg1 f6 47. h4 h5 48. b4 Qe4 49. Qc7+ Kh6 50. Qc3 Qb1+ 51. Kh2 Qe4 52. Qd2+ Kg7 53. b5 Qb7 54. Qb4 Qc7 55. Qd2 Qb6 56. Qb2 Kh6 57. Kg2 Kh7 58. f3 Kg7 59. Qb4 Kf7 60. Qc4+ Ke7 61. Qb4+ Kd7 62. Qc4 Qd6 63. Qg8 1-0


[Site "https://www.chess.com"]

[Event "Titled Tuesday Blitz December 06 Early 2022"]
[White "Bochnicka, Vladimir"]
[Black "Simonovic, Miroslav"]
[WhiteFideId "14943450"]
[BlackFideId "919152"]
[WhiteElo "2239"]
[BlackElo "2057"]
[Result "0-1"]
[Round "11"]
[TimeControl "180+1"]
[Date "2022.12.07"]
[WhiteClock "0:00:05"]
[BlackClock "0:00:08"]

1. e4 c5 2. Nf3 Nc6 3. d4 cxd4 4. Nxd4 a6 5. c4 e5 6. Nf3 Nf6 7. Nc3 Bb4 8. Bd3 O-O 9. O-O d6 10. Bg5 Bxc3 11. bxc3 h6 12. Be3 Be6 13. h3 Nd7 14. Rb1 b6 15. Qa4 Qc7 16. Qa3 Nc5 17. Rfd1 Rfd8 18. Be2 Rab8 19. Bxc5 dxc5 20. Rxd8+ Rxd8 21. Qxa6 Rb8 22. Bd1 Na5 23. Be2 f6 24. Nd2 Qb7 25. Qxb7 Rxb7 26. Kf1 Kf7 27. Ke1 Ke7 28. Kd1 Kd7 29. Kc2 Kc7 30. Bg4 Bxc4 31. Nxc4 Nxc4 32. Rd1 Nd6 33. f3 Ra7 34. Kb3 g6 35. Be6 b5 36. Kc2 c4 37. Kb2 Kc6 38. Bd5+ Kc7 39. h4 Ra6 40. g4 Rb6 41. a3 Rb8 42. Rg1 Rf8 43. Kc2 Rh8 44. Kd2 Nb7 45. Bxb7 Kxb7 46. Ke3 Rd8 47. Ke2 Rd3 48. Rc1 Kc6 49. h5 g5 50. Rc2 Kb6 51. Rc1 Ka5 52. Rc2 Ka4 53. Rc1 Kxa3 54. Rb1 Ka4 55. Rb4+ Ka5 56. Rb2 Rxc3 57. Ra2+ Kb6 58. Ra8 b4 59. Rh8 b3 60. Kd2 Rc2+ 61. Kd1 c3 62. Rb8+ Kc5 63. Rxb3 Rd2+ 64. Ke1 Kc4 65. Rb8 Rh2 66. Rh8 Kd3 67. Rd8+ Kc2 68. Rh8 Kc1 69. Rxh6 c2 70. Rxf6 Rh1+ 71. Ke2 Rh2+ 72. Kd3 Rd2+ 73. Kc3 Kd1 74. h6 c1=Q+ 75. Kb3 Rb2+ 76. Ka4 Qa1# 0-1


[Site "https://www.chess.com"]

[Event "Titled Tuesday Blitz December 06 Early 2022"]
[White "Bon, Michael"]
[Black "Averjanov, Alexey"]
[WhiteFideId "620696"]
[BlackFideId "14109867"]
[WhiteElo "2383"]
[BlackElo "2683"]
[Result "1-0"]
[Round "11"]
[TimeControl "180+1"]
[Date "2022.12.07"]
[WhiteClock "0:00:10"]
[BlackClock "0:00:44"]

1. e4 c6 2. d4 d5 3. Nc3 dxe4 4. Nxe4 Bf5 5. Ng3 Bg6 6. Nf3 Nd7 7. h4 h6 8. h5 Bh7 9. Bd3 Bxd3 10. Qxd3 e6 11. Bf4 Ngf6 12. O-O-O Be7 13. Kb1 O-O 14. Rhe1 c5 15. Ne4 Nxe4 16. Qxe4 Nf6 17. Qxb7 Nxh5 18. dxc5 Qc8 19. Qxc8 Rfxc8 20. Bd6 Kf8 21. Ne5 Nf6 22. c4 Ke8 23. b4 Nd7 24. Nxd7 Kxd7 25. Bxe7+ Kxe7 26. Kc2 Rab8 27. Kc3 h5 28. Rd6 Rc7 29. Red1 Rbc8 30. Ra6 g5 31. a4 h4 32. a5 g4 33. Rh1 Rh8 34. Rd6 e5 35. Rd5 Ke6 36. b5 h3 37. gxh3 Rxh3+ 38. Rxh3 gxh3 39. Rd3 Rxc5 40. Rxh3 Rc7 41. Kb4 e4 42. b6 axb6 43. axb6 Rc8 44. Kb5 f5 45. c5 Kd5 46. Rc3 f4 47. b7 Rb8 48. Kb6 Kd4 49. Rc1 e3 50. fxe3+ fxe3 51. c6 Re8 52. c7 Re6+ 53. Ka7 e2 54. b8=Q e1=Q 55. Rxe1 Rxe1 56. Qb4+ Kd5 57. Qxe1 Kd6 58. Qc1 Kd5 59. c8=Q Kd6 60. Qa6+ Kd5 61. Qb5+ Kd4 62. Qbc4+ Ke5 63. Qc5+ Ke4 64. Q5c4+ Ke5 65. Qe2+ Kd4 66. Qcd1+ Kc5 67. Qec2+ Kb5 68. Qdb1+ Ka5 69. Qc3+ Ka4 70. Qc4+ Ka5 71. Qc5+ Ka4 72. Qbc2# 1-0


[Site "https://www.chess.com"]

[Event "Titled Tuesday Blitz December 06 Early 2022"]
[White "Borgaonkar Akshay"]
[Black "Piesik, Piotr"]
[WhiteFideId "25639110"]
[BlackFideId "1136194"]
[WhiteElo "2063"]
[BlackElo "2316"]
[Result "0-1"]
[Round "11"]
[TimeControl "180+1"]
[Date "2022.12.06"]
[WhiteClock "0:00:26"]
[BlackClock "0:01:28"]

1. Nf3 g6 2. b3 Bg7 3. d4 c5 4. Bb2 cxd4 5. Bxd4 Nf6 6. e4 Nc6 7. Bb2 d6 8. e5 dxe5 9. Qxd8+ Nxd8 10. Bxe5 Nc6 11. Bb2 O-O 12. Nbd2 Bf5 13. Rc1 Nb4 14. Nd4 Nxa2 15. Ra1 Nb4 16. Nxf5 gxf5 17. Ra4 a5 18. c3 Nbd5 19. Bd3 e6 20. O-O Rfc8 21. Rc4 b5 22. Rxc8+ Rxc8 23. Bxb5 Nxc3 24. Bxc3 Rxc3 25. Ba4 Nd5 26. Nc4 Bd4 27. Nxa5 Nf4 28. g3 Nd3 29. Nc6 Bb6 30. Bb5 Nxf2 31. Bc4 Ng4+ 32. Kg2 Ne3+ 33. Kg1 Nxc4+ 0-1


[Site "https://www.chess.com"]

[Event "Titled Tuesday Blitz December 06 Early 2022"]
[White "Chernomordik, Pavel"]
[Black "Kuchava, Ana"]
[WhiteFideId "2804530"]
[BlackFideId "13605348"]
[WhiteElo "2193"]
[BlackElo "2001"]
[Result "1-0"]
[Round "11"]
[TimeControl "180+1"]
[Date "2022.12.07"]
[WhiteClock "0:00:28"]
[BlackClock "0:00:04"]

1. e4 c5 2. Nc3 Nc6 3. Bb5 Nd4 4. Bc4 e6 5. Nge2 a6 6. Nxd4 cxd4 7. Ne2 Qb6 8. a4 d6 9. a5 Qc5 10. d3 Nf6 11. Ng3 Be7 12. O-O O-O 13. Bb3 h6 14. f4 e5 15. f5 d5 16. Nh5 dxe4 17. Nxf6+ Bxf6 18. dxe4 d3+ 19. Kh1 dxc2 20. Bxc2 Rd8 21. Qe2 Bd7 22. Be3 Qb4 23. Bd3 Bc6 24. Bb6 Rxd3 25. Qxd3 Bb5 26. Qd5 Bxf1 27. Rxf1 Qxb2 28. Qxb7 Rd8 29. Qxa6 Rd2 30. Rg1 Bg5 31. Qc8+ Kh7 32. Qc4 f6 33. Qc1 Qxc1 34. Rxc1 Re2 35. Ra1 Rxe4 36. a6 1-0


[Site "https://www.chess.com"]

[Event "Titled Tuesday Blitz December 06 Early 2022"]
[White "Chigaev, Maksim"]
[Black "Koellner, Ruben Gideon"]
[WhiteFideId "4108116"]
[BlackFideId "12993093"]
[WhiteElo "2542"]
[BlackElo "2303"]
[Result "1-0"]
[Round "11"]
[TimeControl "180+1"]
[Date "2022.12.07"]
[WhiteClock "0:00:33"]
[BlackClock "0:00:32"]

1. Nf3 d6 2. e4 Nf6 3. Nc3 e5 4. d4 Nbd7 5. Rg1 c6 6. g4 h6 7. Be3 b5 8. a3 Qa5 9. Nd2 Qc7 10. h4 Bb7 11. g5 hxg5 12. hxg5 Nh5 13. g6 fxg6 14. Rxg6 O-O-O 15. d5 a6 16. dxc6 Bxc6 17. Nd5 Qb7 18. c4 Nhf6 19. Nb3 bxc4 20. Na5 Qa8 21. Rc1 Bxd5 22. exd5 Qxd5 23. Rxc4+ Nc5 24. Qxd5 Nxd5 25. b4 Nxe3 26. fxe3 Rh6 27. Rxh6 gxh6 28. bxc5 dxc5 29. Rg4 Kc7 30. Rg6 Rd6 31. Rxd6 Kxd6 32. Bxa6 Kc7 33. Be2 Kb6 34. Nc4+ Kb5 35. Nxe5+ Ka4 36. Nc4 Kb3 37. Kd2 Bg7 38. Kd3 Ka4 39. Bd1+ Kb5 40. Bh5 Ka4 41. Be8+ Kb3 42. a4 Kb4 43. a5 Be5 44. Nxe5 Kxa5 45. Kc4 1-0


[Site "https://www.chess.com"]

[Event "Titled Tuesday Blitz December 06 Early 2022"]
[White "Cramling Bellon, Anna"]
[Black "Tay, Junior"]
[WhiteFideId "32009232"]
[BlackFideId "5800439"]
[WhiteElo "1972"]
[BlackElo "2216"]
[Result "0-1"]
[Round "11"]
[TimeControl "180+1"]
[Date "2022.12.07"]
[WhiteClock "0:00:01"]
[BlackClock "0:00:36"]

1. d4 Nf6 2. c4 g6 3. Nc3 Bg7 4. e4 d6 5. h3 O-O 6. Bg5 c5 7. d5 b5 8. cxb5 a6 9. a4 Qa5 10. Bd2 Nbd7 11. Nf3 axb5 12. Bxb5 Ba6 13. O-O Rfb8 14. Bc6 Bxf1 15. Nb5 Qd8 16. Qxf1 Nxe4 17. Bxa8 Rxa8 18. Bc3 Nxc3 19. bxc3 Ra5 20. Ra3 Nb6 21. Qd1 Qa8 22. Qe2 Kf8 23. c4 Rxa4 24. Re3 Qd8 25. Ng5 h6 26. Nxf7 Kxf7 27. Qf3+ Kg8 28. Qg4 Kh7 29. Qe6 Ra1+ 30. Kh2 Qf8 31. Rg3 Be5 32. Qxg6+ Kh8 0-1


[Site "https://www.chess.com"]

[Event "Titled Tuesday Blitz December 06 Early 2022"]
[White "Czopor, Maciej"]
[Black "Rangel, Daniel"]
[WhiteFideId "21805431"]
[BlackFideId "2124475"]
[WhiteElo "2324"]
[BlackElo "2225"]
[Result "1-0"]
[Round "11"]
[TimeControl "180+1"]
[Date "2022.12.07"]
[WhiteClock "0:00:24"]
[BlackClock "0:00:27"]

1. c4 Nf6 2. Nc3 e6 3. e4 d5 4. e5 Ne4 5. Nf3 Nxc3 6. dxc3 dxc4 7. Qxd8+ Kxd8 8. Bxc4 b6 9. Be3 Bb7 10. O-O-O+ Ke8 11. Rd2 a6 12. Rhd1 Be7 13. Be2 Nc6 14. Rd7 Rc8 15. Bxb6 Bd8 16. Bc5 Ne7 17. R7d2 Nd5 18. g3 Bc6 19. Nd4 Bb7 20. c4 Nb6 21. b3 Be7 22. Bxe7 Kxe7 23. f4 Rhd8 24. Nc2 c5 25. Rd6 Rxd6 26. Rxd6 Na8 27. Ne1 f6 28. Bg4 Rc6 29. Bf3 Rc7 30. Bxb7 Rxb7 31. Rxa6 Nc7 32. Ra5 fxe5 33. fxe5 Rb6 34. Rxc5 Na6 35. Ra5 Rc6 36. Nd3 Nc7 37. Kd2 Kf7 38. Ke3 Kg6 39. Kd4 Kf5 40. b4 Ne8 41. b5 Rc7 42. b6 Rd7+ 43. Kc3 g5 44. Rb5 Ke4 45. Nc5+ 1-0


[Site "https://www.chess.com"]

[Event "Titled Tuesday Blitz December 06 Early 2022"]
[White "D`Arruda, Ricardo D."]
[Black "Kim, Sergey"]
[WhiteFideId "100692"]
[BlackFideId "13700570"]
[WhiteElo "2454"]
[BlackElo "2611"]
[Result "1-0"]
[Round "11"]
[TimeControl "180+1"]
[Date "2022.12.07"]
[WhiteClock "0:00:13"]
[BlackClock "0:00:01"]

1. d4 Nf6 2. Nf3 g6 3. g3 Bg7 4. Bg2 O-O 5. O-O d6 6. Nc3 c6 7. e4 Qc7 8. a4 a5 9. Re1 e5 10. h3 Na6 11. Be3 Nb4 12. Qd2 Re8 13. Rad1 Be6 14. Ng5 Bc4 15. b3 Ba6 16. f4 h6 17. Nf3 exf4 18. gxf4 Nxe4 19. Nxe4 Rxe4 20. f5 g5 21. Nxg5 Rxe3 22. Qxe3 hxg5 23. Qxg5 f6 24. Qg4 d5 25. Re6 Nxc2 26. Rd2 Nb4 27. Rxf6 Re8 28. Rg6 Nd3 29. f6 Re1+ 30. Bf1 Rxf1+ 31. Kxf1 Ne5+ 32. Kg1 Nxg4 33. Rxg7+ Qxg7 34. fxg7 Nf6 35. Rg2 Bd3 36. Kf2 Be4 37. Rg5 Ne8 38. Re5 Nxg7 39. Re7 b5 40. Ra7 bxa4 41. bxa4 Nf5 42. Rxa5 Nxd4 43. Ra8+ Kf7 44. a5 Nb5 45. a6 c5 46. a7 d4 47. Rc8 Nxa7 48. Rc7+ Ke6 49. Rxa7 Kd5 50. h4 c4 51. h5 c3 52. Ke2 d3+ 53. Ke3 d2 54. Rd7+ Ke5 55. h6 Bf5 56. Rd8 Kf6 57. Rd5 1-0


[Site "https://www.chess.com"]

[Event "Titled Tuesday Blitz December 06 Early 2022"]
[White "Dardha, Daniel"]
[Black "Vidit, Santosh Gujrathi"]
[WhiteFideId "240990"]
[BlackFideId "5029465"]
[WhiteElo "2528"]
[BlackElo "2669"]
[Result "0-1"]
[Round "11"]
[TimeControl "180+1"]
[Date "2022.12.06"]
[WhiteClock "0:00:01"]
[BlackClock "0:00:12"]

1. d4 Nf6 2. Bg5 Ne4 3. h4 d5 4. Nd2 Nd6 5. e3 h6 6. Bf4 Bf5 7. Ngf3 e6 8. Ne5 Nd7 9. c4 Be7 10. Qb3 dxc4 11. Ndxc4 Nb6 12. h5 O-O 13. Be2 Bg5 14. Bh2 Be4 15. O-O Bd5 16. Qc2 Rc8 17. b4 Bh4 18. Nd2 Nd7 19. e4 Bc6 20. Nxc6 bxc6 21. Qxc6 Rb8 22. a3 Re8 23. Nf3 Be7 24. Rac1 a5 25. bxa5 Rb2 26. Rfe1 Nb8 27. Qxc7 Nxe4 28. Qxd8 Rxd8 29. a6 Nd7 30. Bf1 Nxf2 31. a7 Ng4 32. Rc7 Nxh2 33. Rxd7 Nxf3+ 34. gxf3 Rxd7 35. a8=Q+ Rd8 36. Qa7 Bf6 37. Re4 Ra2 38. a4 Rd2 39. a5 R2xd4 40. Qc7 R4d7 41. Qc2 Rd2 42. Qb3 R8d5 43. a6 Rg5+ 44. Rg4 Bd4+ 45. Kh1 Rxh5+ 0-1


[Site "https://www.chess.com"]

[Event "Titled Tuesday Blitz December 06 Early 2022"]
[White "Demin, Vladimir"]
[Black "Rakhmatullaev, Almas"]
[WhiteFideId "4167457"]
[BlackFideId "14205793"]
[WhiteElo "2578"]
[BlackElo "2221"]
[Result "1-0"]
[Round "11"]
[TimeControl "180+1"]
[Date "2022.12.06"]
[WhiteClock "0:01:30"]
[BlackClock "0:00:02"]

1. e4 e5 2. Nf3 Nf6 3. Bc4 Nxe4 4. Nc3 Nc6 5. O-O Nxc3 6. dxc3 Be7 7. Qd5 O-O 8. Nxe5 Nxe5 9. Qxe5 Bf6 10. Qe4 c6 11. Bd3 g6 12. Bh6 d5 13. Qf3 Re8 14. Rfe1 Be6 15. h3 Bh8 16. Bf4 c5 17. Be5 Bxe5 18. Rxe5 c4 19. Bf1 Qc7 20. Rae1 Kg7 21. Qg3 Qb6 22. b3 cxb3 23. cxb3 Rac8 24. Qd3 Qa5 25. b4 Qxa2 26. Qd4 Kg8 27. h4 Qc2 28. R1e3 h5 29. Qxa7 Rxc3 30. Qxb7 Rxe3 31. Rxe3 d4 32. Re5 d3 33. Qe4 Qb2 34. Bxd3 Kf8 35. b5 Rd8 36. Bf1 Rd1 37. Rxe6 Qc1 38. Re8+ Kg7 39. Qe5+ f6 40. Qe7+ Kh6 41. Rh8# 1-0


[Site "https://www.chess.com"]

[Event "Titled Tuesday Blitz December 06 Early 2022"]
[White "Donskov, Anatoly"]
[Black "Samaganova, Aleksandra"]
[WhiteFideId "24143413"]
[BlackFideId "13800221"]
[WhiteElo "2219"]
[BlackElo "1864"]
[Result "1-0"]
[Round "11"]
[TimeControl "180+1"]
[Date "2022.12.07"]
[WhiteClock "0:00:56"]
[BlackClock "0:00:02"]

1. e4 c5 2. Nf3 e6 3. d4 cxd4 4. Nxd4 a6 5. c4 Qc7 6. Nc3 Nf6 7. a3 b6 8. Be3 Bb7 9. f3 d6 10. Rc1 Nbd7 11. Be2 Rc8 12. b4 Qb8 13. Qd2 Be7 14. O-O O-O 15. Rfd1 Bd8 16. Kh1 Bc7 17. b5 a5 18. Nc6 Bxc6 19. bxc6 Ne5 20. Nb5 Nxc6 21. Rb1 Nd7 22. Nxc7 Qxc7 23. Qxd6 Qxd6 24. Rxd6 Nde5 25. Rxb6 Ne7 26. c5 Rc7 27. f4 N5g6 28. g3 Nc8 29. Rdc6 Rd7 30. Ra6 Nce7 31. Rd6 Rc7 32. Kg2 Rb8 33. Rab6 Rbc8 34. Kf3 Nc6 35. Bb5 Nge7 36. a4 g5 37. Ra6 Kg7 38. Bd2 gxf4 39. gxf4 Kg6 40. f5+ Kf6 41. Bc3+ Kg5 42. fxe6 fxe6 43. Rxe6 Rf8+ 44. Ke3 Nb4 45. Rad6 Ng6 46. Bd2 Rxc5 47. Kd4+ Kh5 48. Kxc5 Rc8+ 49. Bc6 Na6+ 50. Kb6 Nb4 51. Bxb4 axb4 52. Bd5 Rb8+ 53. Kc7 Ra8 54. Bxa8 1-0


[Site "https://www.chess.com"]

[Event "Titled Tuesday Blitz December 06 Early 2022"]
[White "Durarbayli, Vasif"]
[Black "Weetik, Vjacheslav"]
[WhiteFideId "13402935"]
[BlackFideId "4153472"]
[WhiteElo "2576"]
[BlackElo "2469"]
[Result "1-0"]
[Round "11"]
[TimeControl "180+1"]
[Date "2022.12.06"]
[WhiteClock "0:00:05"]
[BlackClock "0:00:07"]

1. e4 c6 2. d4 d5 3. exd5 cxd5 4. c4 Nf6 5. Nc3 e6 6. Nf3 Bb4 7. cxd5 Nxd5 8. Bd2 Nc6 9. Bd3 Nf6 10. O-O O-O 11. Bg5 Be7 12. Rc1 Nb4 13. Bb1 b6 14. a3 Nbd5 15. Qd3 g6 16. Ne5 Bb7 17. Rfe1 Nh5 18. Bxe7 Nxe7 19. Qe3 Nf5 20. Bxf5 exf5 21. d5 Re8 22. Qd4 Qg5 23. h4 Qf4 24. Qxf4 Nxf4 25. d6 Nxg2 26. d7 Red8 27. Red1 Nf4 28. Rd6 Kg7 29. Re1 Nh3+ 30. Kf1 Nf4 31. b4 Ba6+ 32. b5 Bb7 33. Nc6 Ne6 34. Ne2 Kf8 35. Ned4 Nc5 36. Nxd8 Rxd8 37. Nc6 Rxd7 38. Rxd7 Nxd7 39. Nxa7 Nc5 40. Rc1 Be4 41. Nc6 Bd3+ 42. Kg2 Bxb5 43. Nd4 Ba6 44. Rb1 Bb7+ 45. f3 Na4 46. Rb4 Nc3 47. Rxb6 Bd5 48. Rb8+ Kg7 49. Rc8 Nd1 50. a4 Ne3+ 51. Kf2 Nc4 52. Rc5 Nb6 53. a5 1-0


[Site "https://www.chess.com"]

[Event "Titled Tuesday Blitz December 06 Early 2022"]
[White "Estrada Nieto, Julian"]
[Black "Volkov, Maksim"]
[WhiteFideId "5101018"]
[BlackFideId "54123070"]
[WhiteElo "2195"]
[BlackElo "2257"]
[Result "0-1"]
[Round "11"]
[TimeControl "180+1"]
[Date "2022.12.07"]
[WhiteClock "0:00:01"]
[BlackClock "0:00:04"]

1. e4 c5 2. Nf3 d6 3. Bb5+ Nd7 4. d4 cxd4 5. Qxd4 a6 6. Bxd7+ Bxd7 7. Nc3 e6 8. O-O Bc6 9. a4 Nf6 10. Bg5 Be7 11. a5 h6 12. Bh4 O-O 13. Rfe1 Qc7 14. Qd3 Ng4 15. Bxe7 Qxe7 16. Rad1 Rad8 17. Qd4 Qc7 18. b4 Nf6 19. Qc4 Qe7 20. Qd3 Rd7 21. h3 Rc8 22. Nd4 Rdc7 23. Nd5 Bxd5 24. exd5 Nxd5 25. Nf5 Qd8 26. Qg3 exf5 27. Rxd5 Rxc2 28. Rxd6 Qg5 29. Qxg5 hxg5 30. Rd7 R8c7 31. Re8+ Kh7 32. Ree7 Rxd7 33. Rxd7 Rb2 34. Rxb7 Kg6 35. Rb6+ f6 36. g3 f4 37. gxf4 gxf4 38. Kg2 Kf5 39. Rb7 g5 40. b5 axb5 41. a6 Kg6 42. a7 Ra2 43. Kf3 b4 44. Ke4 b3 45. f3 b2 46. Kd3 Kh5 47. Rh7+ Kg6 48. Rb7 Rxa7 49. Rxb2 Kh5 50. Rb6 Rf7 51. Rb8 Kh4 52. Rh8+ Kg3 53. Ke4 Ra7 54. Rh6 Ra4+ 55. Kf5 Kxf3 56. Kxf6 Ra5 57. Rg6 Kg3 58. h4 Kxh4 59. Rh6+ Kg4 60. Rh8 f3 61. Rb8 Kg3 62. Rb1 g4 63. Rb3 Kg2 64. Rb1 f2 65. Rb2 Kg1 66. Rb1+ f1=Q+ 67. Kg6 Qxb1+ 68. Kh6 Qb6+ 69. Kg7 Ra7+ 70. Kf8 Qb8# 0-1


[Site "https://www.chess.com"]

[Event "Titled Tuesday Blitz December 06 Early 2022"]
[White "Fernandez Hernandez, Gerardo"]
[Black "Flis, Pawel"]
[WhiteFideId "2207400"]
[BlackFideId "1112864"]
[WhiteElo "2186"]
[BlackElo "1817"]
[Result "1-0"]
[Round "11"]
[TimeControl "180+1"]
[Date "2022.12.07"]
[WhiteClock "0:00:21"]
[BlackClock "0:00:01"]

1. e4 c5 2. d3 g6 3. g3 Bg7 4. Bg2 Nc6 5. f4 e6 6. Nf3 Nge7 7. O-O O-O 8. c3 d5 9. Be3 d4 10. Bf2 b6 11. e5 Nf5 12. c4 Rb8 13. Qe2 h5 14. Ng5 Bb7 15. Ne4 Nce7 16. Nbd2 Bxe4 17. Nxe4 Qc7 18. h3 b5 19. g4 hxg4 20. hxg4 Nh6 21. b3 bxc4 22. dxc4 Rfd8 23. Bf3 Nc6 24. Bh4 d3 25. Bxd8 Rxd8 26. Qd2 Nd4 27. Qxd3 Bxe5 28. fxe5 Qxe5 29. Rad1 f5 30. gxf5 gxf5 31. Kf2 fxe4 32. Qxe4 Qh2+ 33. Bg2 Nhf5 34. Qg4+ Kf7 35. Rh1 Qe5 36. Rh7+ 1-0


[Site "https://www.chess.com"]

[Event "Titled Tuesday Blitz December 06 Early 2022"]
[White "Forgacs, Attila Jr."]
[Black "Rian, Kapriaga"]
[WhiteFideId "773654"]
[BlackFideId "7103263"]
[WhiteElo "2168"]
[BlackElo "2285"]
[Result "1-0"]
[Round "11"]
[TimeControl "180+1"]
[Date "2022.12.07"]
[WhiteClock "0:00:14"]
[BlackClock "0:00:01"]

1. e4 c6 2. d4 d5 3. e5 c5 4. dxc5 e6 5. a3 Bxc5 6. b4 Be7 7. Bb2 f6 8. exf6 Nxf6 9. Nf3 O-O 10. c4 Nc6 11. cxd5 exd5 12. Bd3 Bg4 13. O-O Ne4 14. Be2 Bf6 15. Bxf6 Rxf6 16. h3 Bxf3 17. Bxf3 Ne5 18. Bxe4 dxe4 19. Nc3 Nf3+ 20. gxf3 Rg6+ 21. Kh1 Qc8 22. Kh2 Qc7+ 23. Kh1 Qxc3 24. Qd5+ Kh8 25. Qxe4 Rf8 26. Rac1 Qxa3 27. Qf5 Qxb4 28. Rc8 Rf6 29. Rxf8+ Qxf8 30. Qd7 Rf7 31. Qg4 h6 32. Kg2 Rf6 33. Rc1 Kh7 34. Qe4+ Rg6+ 35. Kh2 Qf7 36. h4 Qe6 37. Rc7 Qxe4 38. fxe4 Rb6 39. e5 a5 40. Rc5 Ra6 41. Rb5 b6 42. e6 Kg8 43. Rf5 Ra7 44. Rb5 Rb7 45. Kg3 Kf8 46. Kf4 Ke7 47. Ke5 a4 48. f4 a3 49. Rb3 Ra7 50. Rb1 a2 51. Ra1 b5 52. Kd5 b4 53. Kc4 Kxe6 54. Kxb4 Kf5 55. Kb3 g6 56. Kb2 Ra4 57. h5 Rxf4 58. Rd1 1-0


[Site "https://www.chess.com"]

[Event "Titled Tuesday Blitz December 06 Early 2022"]
[White "Franca, Ricardo Bedin"]
[Black "Albertini, Luca"]
[WhiteFideId "2107066"]
[BlackFideId "847038"]
[WhiteElo "2460"]
[BlackElo "2207"]
[Result "1-0"]
[Round "11"]
[TimeControl "180+1"]
[Date "2022.12.07"]
[WhiteClock "0:00:37"]
[BlackClock "0:02:05"]

1. e4 e5 2. Nf3 Nc6 3. Bc4 Bc5 4. c3 Nf6 5. d3 a6 6. Bb3 d6 7. h3 Ne7 8. Nbd2 Ng6 9. d4 Ba7 10. Bc2 O-O 11. Nf1 Re8 12. dxe5 Nxe5 13. Nxe5 Rxe5 14. Bf4 Re8 15. Ng3 d5 16. e5 Nd7 17. O-O Nxe5 18. Bxh7+ Kh8 19. Qh5 Qf6 20. Bg5 1-0


[Site "https://www.chess.com"]

[Event "Titled Tuesday Blitz December 06 Early 2022"]
[White "Gabdrakhmanov, Azat"]
[Black "Tologon tegin, Semetei"]
[WhiteFideId "34189197"]
[BlackFideId "13800574"]
[WhiteElo "2254"]
[BlackElo "2264"]
[Result "1-0"]
[Round "11"]
[TimeControl "180+1"]
[Date "2022.12.07"]
[WhiteClock "0:01:03"]
[BlackClock "0:00:05"]

1. e4 e5 2. Nf3 Nc6 3. Bb5 a6 4. Ba4 Nf6 5. O-O Be7 6. Re1 b5 7. Bb3 O-O 8. d4 d6 9. c3 Bg4 10. Be3 Na5 11. Bc2 Nc4 12. Bc1 c5 13. d5 a5 14. h3 Bxf3 15. Qxf3 b4 16. Bd3 Nb6 17. Nd2 Nfd7 18. Bb5 Bg5 19. Bxd7 Qxd7 20. Nf1 Bxc1 21. Raxc1 f5 22. a3 bxa3 23. bxa3 fxe4 24. Qxe4 Rf4 25. Qd3 Raf8 26. Rb1 Qc7 27. Re2 c4 28. Qd2 Qc5 29. Ne3 Nd7 30. a4 Qc7 31. f3 Nc5 32. Qa2 e4 33. fxe4 Rxe4 34. Nxc4 Rfe8 35. Rbe1 Rxe2 36. Rxe2 Rxe2 37. Qxe2 h6 38. Kh1 Kh7 39. Ne3 1-0


[Site "https://www.chess.com"]

[Event "Titled Tuesday Blitz December 06 Early 2022"]
[White "Garv Gaur"]
[Black "Laylo, Darwin"]
[WhiteFideId "45030839"]
[BlackFideId "5201330"]
[WhiteElo "2056"]
[BlackElo "2335"]
[Result "1-0"]
[Round "11"]
[TimeControl "180+1"]
[Date "2022.12.06"]
[WhiteClock "0:02:02"]
[BlackClock "0:01:54"]

1. d4 Nf6 2. Nf3 g6 3. c4 d5 4. cxd5 Bg7 5. g3 O-O 6. Bg2 Nxd5 7. O-O c5 8. Nc3 cxd4 9. Nxd4 Nxc3 10. bxc3 Nc6 11. Nxc6 bxc6 12. Qxd8 Rxd8 13. Bxc6 Bxc3 14. Bxa8 Bxa1 15. Be3 Bh3 16. Bg2 Bxg2 17. Kxg2 Bf6 18. Bxa7 Ra8 19. Bc5 Rxa2 20. e3 h5 21. h4 Rc2 22. Bb6 e5 23. Rd1 e4 24. Bd4 Be7 25. Rb1 f5 26. Rb2 Rc8 27. Rb7 Kf7 28. Bb2 Ke8 29. Rb6 Rc2 30. Bd4 Kf7 31. Rb2 Rc7 32. Rb6 Ba3 33. Rf6+ Ke7 34. Rxg6 Rc2 35. Rg5 Ke6 36. Rxh5 Bb4 37. Rh6+ Ke7 38. Rf6 Bc5 39. Rxf5 Bxd4 40. exd4 Kd6 41. Re5 Re2 42. Kf1 1-0


[Site "https://www.chess.com"]

[Event "Titled Tuesday Blitz December 06 Early 2022"]
[White "Ghosh, Chanchal Kumer"]
[Black "Ramirez Vido, Robert Yorisan"]
[WhiteFideId "10201858"]
[BlackFideId "3513823"]
[WhiteElo "2058"]
[BlackElo "2350"]
[Result "0-1"]
[Round "11"]
[TimeControl "180+1"]
[Date "2022.12.07"]
[WhiteClock "0:00:01"]
[BlackClock "0:00:28"]

1. e4 d6 2. Nf3 Nf6 3. Nc3 g6 4. d4 Bg7 5. Be2 O-O 6. Be3 c6 7. Qd2 b5 8. a3 Nbd7 9. e5 dxe5 10. dxe5 Ng4 11. e6 fxe6 12. O-O-O Qa5 13. Ng5 Nde5 14. Bd4 Nxf2 15. Bxf2 Rxf2 16. Qe3 Rf5 17. h4 b4 18. axb4 Qa1+ 19. Nb1 Qxb2+ 20. Kxb2 Nc4+ 21. Kb3 Nxe3 22. Rd8+ Rf8 23. Rxf8+ Kxf8 24. Nxh7+ Kg8 25. Ng5 e5 26. h5 Bf5 27. Bd3 Bxd3 28. cxd3 Rd8 29. hxg6 Rxd3+ 30. Ka4 Nc4 31. Rc1 Nb6+ 32. Ka5 Bh6 33. Rxc6 Bxg5 0-1


[Site "https://www.chess.com"]

[Event "Titled Tuesday Blitz December 06 Early 2022"]
[White "Grabinsky, Vladimir"]
[Black "Mrudul Dehankar"]
[WhiteFideId "14107074"]
[BlackFideId "25096990"]
[WhiteElo "2198"]
[BlackElo "2139"]
[Result "1-0"]
[Round "11"]
[TimeControl "180+1"]
[Date "2022.12.07"]
[WhiteClock "0:00:07"]
[BlackClock "0:00:02"]

1. e4 c5 2. Nc3 Nc6 3. g3 g6 4. Bg2 Bg7 5. f4 e6 6. Nf3 Nge7 7. O-O Nd4 8. Nxd4 cxd4 9. Ne2 d6 10. d3 O-O 11. g4 f5 12. Ng3 Qc7 13. exf5 exf5 14. g5 Be6 15. Re1 Bf7 16. h4 Nd5 17. h5 Rfe8 18. h6 Bh8 19. Bd2 Rac8 20. Rc1 Qb6 21. Rxe8+ Rxe8 22. b3 Ne3 23. Bxe3 dxe3 24. Ne2 Qa5 25. a4 d5 26. c4 dxc4 27. bxc4 b6 28. Rc2 Rd8 29. d4 Qxa4 30. d5 a6 31. Qd3 Qa1+ 32. Rc1 Qa2 33. Bf3 Bb2 34. Rc2 Qb1+ 35. Kg2 Ba3 36. Rc3 Qe1 37. Rxa3 Qf2+ 38. Kh1 Qxf3+ 39. Kg1 Qf2+ 40. Kh1 Re8 41. d6 Qf3+ 42. Kg1 Qc6 43. Ra1 Rd8 44. Rd1 Bxc4 45. Qd4 b5 46. Qg7# 1-0


[Site "https://www.chess.com"]

[Event "Titled Tuesday Blitz December 06 Early 2022"]
[White "Grot, Blazej"]
[Black "Saravana, Krishnan P."]
[WhiteFideId "21835845"]
[BlackFideId "5018382"]
[WhiteElo "1823"]
[BlackElo "2190"]
[Result "1-0"]
[Round "11"]
[TimeControl "180+1"]
[Date "2022.12.07"]
[WhiteClock "0:01:34"]
[BlackClock "0:01:15"]

1. e4 c6 2. Nc3 d5 3. Qe2 dxe4 4. Nxe4 Nf6 5. Nxf6+ gxf6 6. Nf3 Bf5 7. d4 Nd7 8. c3 e6 9. Bf4 Qb6 10. g3 O-O-O 11. Bg2 h5 12. a4 a5 13. O-O Bh6 14. Bxh6 Rxh6 15. h4 Rg8 16. Qe3 Rhg6 17. b4 e5 18. bxa5 Qxa5 19. dxe5 fxe5 20. Rfd1 f6 21. Qd2 Qc5 22. a5 Rxg3 23. Ne1 Qxc3 24. fxg3 Qxg3 25. a6 bxa6 26. Rxa6 Nb8 27. Ra8 Bh3 28. Rxb8+ Kxb8 29. Qd6+ 1-0


[Site "https://www.chess.com"]